AoeStats
← simonpaschetta03

Arabia

506540342Analyzed
3v3 RM · 18d ago on Sep 14, 2026· 53m 23s· 6 players
Game mode
Random Map
Map size
Normal (6 player)
Population
200
Speed
Normal
Resources
Standard
Victory
Conquest
Starting age
Dark Age
Ending age
Imperial Age
RankedLock teamsTeams togetherTeam positionsShared explorationLock speedFull tech treeHidden civsTurbo modeCheats
Victory
Defeat
🇦🇷 Romans · Argentina
826
+11
🇦🇷 Persians · Argentina
777
+13
🇦🇷 Khmer · Argentina
755
+14
🇺🇸 Chinese · United States
739
-14
🇲🇽 Maya · Mexico
705
-12
🇲🇽 Mongols · Mexico
702
-12
crazy84aac
11:41 Feudal Age
9:57 Loom
12:43 Double-Bit Axe
12:52 Gold Mining
18:42 Wheelbarrow
18:30 Bloodlines
19:43 Forging
24:50 Castle Age
24:51 Horse Collar
27:52 Fletching
28:58 Bow Saw
29:58 Bodkin Arrow
38:46 Imperial Age
36:32 Hand Cart
36:32 Padded Archer Armor
43:52 Bracer
44:08 Leather Archer Armor
50:05 Elite Mangudai
joseluisuriasa
0:25 Loom
11:11 Feudal Age
13:50 Double-Bit Axe
13:49 Horse Collar
19:49 Castle Age
19:24 Gold Mining
19:30 Stone Mining
21:05 Bow Saw
21:22 Heavy Plow
22:55 Stone Shaft Mining
27:52 Gold Shaft Mining
34:56 Ballistics
34:15 Pikeman
41:35 Imperial Age
52:41 Imperial Age
AIOROS
0:28 Loom
10:48 Feudal Age
11:30 Double-Bit Axe
11:33 Horse Collar
16:22 Wheelbarrow
20:46 Castle Age
19:08 Fletching
19:41 Padded Archer Armor
20:53 Forging
20:44 Scale Mail Armor
22:41 Bodkin Arrow
24:51 Thumb Ring
28:36 Pikeman
32:01 Chain Mail Armor
32:53 Crossbowman
33:52 Leather Archer Armor
34:13 Iron Casting
34:51 Gold Mining
36:17 Elite Skirmisher
38:37 Ballistics
37:58 Treadmill Crane
38:36 Stone Mining
45:47 Murder Holes
49:16 Imperial Age
48:16 Arson
48:32 Squires
51:39 Bow Saw
Diente De Plata
0:41 Loom
13:58 Feudal Age
14:29 Double-Bit Axe
14:27 Horse Collar
14:48 Gold Mining
15:40 Arson
18:10 Bloodlines
21:06 Castle Age
22:19 Bow Saw
22:13 Heavy Plow
21:41 Pikeman
23:38 Husbandry
25:25 Light Cavalry
29:15 Forging
40:43 Imperial Age
38:51 Wheelbarrow
41:53 Halberdier
44:12 Scale Mail Armor
44:18 Scale Barding Armor
44:51 Crop Rotation
44:30 Double Crossbow
45:44 Gold Shaft Mining
45:01 Cavalier
47:30 Chemistry
46:26 Heavy Scorpion
47:42 Elite Battle Elephant
48:53 Ballistics
51:48 Tusk Swords
simonpaschetta03
3:34 Loom
3:40 Loom
12:51 Feudal Age
13:35 Double-Bit Axe
13:32 Horse Collar
13:45 Gold Mining
13:46 Stone Mining
13:55 Town Watch
14:42 Man-at-Arms
17:24 Wheelbarrow
23:40 Castle Age
22:48 Padded Archer Armor
22:38 Fletching
22:59 Forging
24:39 Town Patrol
25:32 Gold Shaft Mining
24:21 Long Swordsman
25:35 Scale Mail Armor
28:07 Hand Cart
32:02 Leather Archer Armor
32:03 Chain Mail Armor
32:23 Iron Casting
31:43 Bodkin Arrow
31:54 Scale Barding Armor
38:42 Imperial Age
38:59 Ballistas
41:00 Comitatenses
42:54 Elite Centurion
45:53 Ring Archer Armor
45:44 Chain Barding Armor
46:42 Heavy Scorpion
48:19 Legionary
Nadir El Terrible
0:28 Loom
12:02 Feudal Age
13:43 Wheelbarrow
19:04 Castle Age
19:23 Double-Bit Axe
19:24 Horse Collar
22:08 Hand Cart
22:57 Scale Barding Armor
26:38 Kamandaran
27:16 Crossbowman
28:50 Heavy Plow
29:04 Bow Saw
29:41 Caravan
29:58 Pikeman
35:13 Fletching
35:25 Padded Archer Armor
37:17 Leather Archer Armor
37:24 Gold Mining
37:25 Stone Mining
37:55 Forging
47:19 Iron Casting
47:06 Chain Barding Armor
47:46 Bodkin Arrow
50:34 Ballistics
50:10 Murder Holes
51:22 Bloodlines
56:03 Imperial Age
Connection lost

Rejoining the realm…

Still unreachable

The connection could not be restored.

Session expired

The server has moved on; the page needs a fresh start.